 Dungeon Crawl Stone Soup version 0.21-a0-518-g43a1781 (webtiles) character file.

1188 kiturien the Slasher (level 8, -2/70 HPs)
             Began as a Minotaur Fighter on Dec 4, 2017.
             Slain by an orc wizard
             ... wielding a +0 dagger
              (3 damage)
             ... on level 5 of the Dungeon.
             The game lasted 00:15:06 (5226 turns).

kiturien the Slasher (Minotaur Fighter)             Turns: 5226, Time: 00:15:07

Health: -2/70      AC:  5    Str: 24    XL:     8   Next: 19%
Magic:  7/7        EV:  9    Int:  5    God:
Gold:   176        SH: 16    Dex:  9    Spells: 7/7 levels left

rFire    + . .     SeeInvis .   a - +2 long sword
rCold    . . .     Gourm    .   g - +0 large shield
rNeg     . . .     Faith    .   i - +1 leather armour {MR+}
rPois    .         Spirit   .   (helmet restricted)
rElec    .         Reflect  .   (no cloak)
rCorr    .         Harm     .   w - +0 pair of gloves
MR       +....                  (no boots)
Stlth    +.........             (no amulet)
HPRegen  0.21/turn              h - ring of protection from fire
MPRegen  0.10/turn              (no ring)

@: no status effects
A: retaliatory headbutt, horns 2
a: no special abilities


You were on level 5 of the Dungeon.
You were not hungry.

You visited 1 branch of the dungeon, and saw 6 of its levels.

You collected 176 gold pieces.

Inventory:

Hand Weapons
 a - a +2 long sword (weapon)
Armour
 c - a +0 shield
 g - a +0 large shield (worn)
 i - a +1 leather armour of magic resistance (worn)
 w - a +0 pair of gloves (worn)
Jewellery
 h - a ring of protection from fire (left hand)
Wands
 o - a wand of digging (17)
Scrolls
 k - 5 scrolls of remove curse
 n - a scroll of identify
 s - 2 scrolls of enchant armour
Potions
 d - a potion of might
 e - 4 potions of curing
 m - 2 potions of heal wounds
 t - a potion of agility
Comestibles
 b - 5 chunks of flesh
 f - 5 bread rations
 j - 2 meat rations
 l - 3 fruits
 u - 2 royal jellies


   Skills:
 * Level 5.6 Fighting
 * Level 7.3 Long Blades
 * Level 5.4 Armour
 * Level 3.1 Dodging
 * Level 7.2 Shields


You had 7 spell levels left.
You didn't know any spells.

Dungeon Overview and Level Annotations

Branches:
Dungeon (6/15)
 Temple: D:4-7

Altars:
Cheibriados
Gozag
Kikubaaqudgha
Nemelex Xobeh
Yredelemnul


Innate Abilities, Weirdness & Mutations

You reflexively headbutt those who attack you in melee.
You have a pair of horns on your head.


Message History

You barely miss the orc warrior.
The orc warrior is moderately wounded.
The orc warrior hits you but does no damage.
You block something's attack.
You barely miss the orc warrior. You headbutt the orc warrior.
The orc warrior is heavily wounded.
Something hits you but does no damage.
The orc warrior hits you with an enchanted scimitar!
You barely miss the orc warrior.
The orc warrior is heavily wounded.
Something hits you but does no damage.
The orc warrior hits you with an enchanted scimitar!
* * * LOW HITPOINT WARNING * * *
You block something's attack.
You closely miss the orc warrior. You headbutt the orc warrior.
The orc warrior is severely wounded.
The orc warrior hits you with an enchanted scimitar!
* * * LOW HITPOINT WARNING * * *
Something hits you.
You die...

#######.#.....##..#....###).#.#.#
........#.#.#.#...#....'......#.#
.##...#.#.._..'(.###)..########.#
........#.#.#.#.....))..........#
.##...###.....#...##...##########
.##...# #######...#############
.##...# #.(...................#
.##...# #####.................#
####### #...@.............#
#...o.............#
######............#
##############


You could see an orc warrior.

Vanquished Creatures
  An ice beast (D:4)
  2 phantoms
  A centaur (D:5)
  2 scorpions
  A jelly (D:5)
  A howler monkey (D:5)
  A centaur zombie (D:5)
  2 hounds
  An orc priest (D:4)
  2 centaur skeletons
  8 orc wizards
  An iguana (D:5)
  A worker ant (D:5)
  9 adders
  A shadow imp (D:5)
  3 dart slugs
  2 leopard geckos
  22 orcs
  3 giant cockroaches
  10 goblins
  4 hobgoblins
  4 jackals (D:3)
  6 quokkas
  3 ball pythons
  5 bats
  3 frilled lizards
  14 kobolds
  A leopard gecko skeleton (D:4)
  A quokka skeleton (D:4)
  13 rats
128 creatures vanquished.

Vanquished Creatures (others)
  4 toadstools (D:1)
4 creatures vanquished.

Grand Total: 132 creatures vanquished

Notes
Turn   | Place    | Note
-------+----------+-------------------------------------------
     0 | D:1      | kiturien the Minotaur Fighter began the quest for the Orb.
     0 | D:1      | Reached XP level 1. HP: 19/19 MP: 0/0
   168 | D:1      | Reached XP level 2. HP: 27/27 MP: 1/1
   406 | D:1      | Found a sparkling altar of Nemelex Xobeh.
   588 | D:2      | Reached XP level 3. HP: 32/33 MP: 2/2
  1097 | D:2      | Reached XP level 4. HP: 30/40 MP: 3/3
  1616 | D:2      | Found a sparkling altar of Nemelex Xobeh.
  1827 | D:3      | Reached skill level 1 in Dodging
  1988 | D:3      | Found a snail-covered altar of Cheibriados.
  2317 | D:3      | Reached XP level 5. HP: 20/47 MP: 4/4
  2886 | D:4      | Noticed an ice beast
  2902 | D:4      | Killed an ice beast
  2902 | D:4      | Reached skill level 5 in Shields
  2904 | D:4      | Reached XP level 6. HP: 30/53 MP: 5/5
  3057 | D:4      | Found a basalt altar of Yredelemnul.
  3328 | D:4      | Reached skill level 5 in Long Blades
  3772 | D:4      | Found an opulent altar of Gozag.
  3899 | D:4      | Reached XP level 7. HP: 51/60 MP: 6/6
  4185 | D:4      | Reached skill level 5 in Fighting
  4275 | D:5      | Entered Level 5 of the Dungeon
  4583 | D:5      | Reached skill level 5 in Armour
  4701 | D:5      | Found an ancient bone altar of Kikubaaqudgha.
  4923 | D:5      | Reached XP level 8. HP: 60/69 MP: 7/7
  5226 | D:5      | HP: 1/70 [orc warrior/enchanted scimitar (9)]
  5226 | D:5      | Slain by an orc wizard

Vault maps used:
D:1:      ldierk_walled_garden_2, nemelex_diamond_rough_becter
D:2:      marbit_many_paths
D:3:      kennysheep_slug_shrine, first_bread, kennysheep_generic_room_12
D:4:      lemuel_crystal_altar, yredelemnul_altar_generic
D:5:      kennysheep_little_box
D:6:      minmay_temple_entry_statues, uniq_blork_the_orc

Skill      XL: |  1  2  3  4  5  6  7  8 |
---------------+-------------------------+-----
Shields        | 4 5 7 |  7.2
Fighting       | 4 5 |  5.6
Armour         | 4 5 |  5.4
Long Blades    | 3 4 5 6 7 |  7.3
Dodging        | 1 2 3 |  3.1

Action                   |  1- 3 |  4- 6 |  7- 9 || total
-------------------------+-------+-------+-------++-------
Melee: Long sword        |    78 |   189 |   141 ||   408
       Headbutt          |     9 |    23 |    25 ||    57
  Use: Scroll            |     4 |     1 |     6 ||    11
       Potion            |       |       |     3 ||     3
  Eat: Chunk             |       |     8 |     5 ||    13
       Fruit             |       |     2 |       ||     2
Armor: Scale mail        |    44 |    12 |       ||    56
       Leather armour    |       |    19 |    25 ||    44
       Skin              |       |     2 |       ||     2
Dodge: Dodged            |    33 |    30 |    24 ||    87
Block: Shield            |    40 |       |       ||    40
       Large shield      |     9 |   148 |   115 ||   272
       Rpst.: Long sword |    12 |     9 |     5 ||    26

Table legend:
 A = Spawn XP
 B = Non-spawn XP
 C = Spawn XP percentage of total XP
 D = Spawn monster count
 E = Non-spawn monster count
 F = Spawn count percentage of total count
 G = Total turns spent on level
                    A         B        C        D         E        F      G
               +---------+---------+-------+---------+---------+-------+---------
         Total |       0 |    1698 |   0.0 |       0 |     128 |   0.0 |  5226
               +---------+---------+-------+---------+---------+-------+---------
           D:1 |       0 |      35 |   0.0 |       0 |      23 |   0.0 |   562
           D:2 |       0 |      87 |   0.0 |       0 |      21 |   0.0 |  1239
           D:3 |       0 |     121 |   0.0 |       0 |      31 |   0.0 |  1034
           D:4 |       0 |     613 |   0.0 |       0 |      26 |   0.0 |  1723
           D:5 |       0 |     758 |   0.0 |       0 |      23 |   0.0 |   635
           D:6 |       0 |      84 |   0.0 |       0 |       4 |   0.0 |    33
               +---------+---------+-------+---------+---------+-------+---------
